 Dungeon Crawl Stone Soup version 0.29-a0-275-g389c0b56f3 (webtiles) character file.

Game seed: 6545806462094005397

22204 sammy202020 the Fighter (level 12, -35/123 HPs)
             Began as a Gargoyle Berserker on Mar 12, 2022.
             Was an Elder of Trog.
             Annihilated by a titanic slime creature (45 damage)
             ... on level 12 of the Dungeon.
             The game lasted 00:32:57 (14512 turns).

sammy202020 the Fighter (Gargoyle Berserker)       Turns: 14512, Time: 00:32:58

Health: -35/123    AC: 31    Str: 21    XL:     12   Next: 98%
Magic:  0/21       EV: 12    Int: 14    God:    Trog [****..]
Gold:   1820       SH:  0    Dex: 12    Spells: 11/11 levels left

rFire   + + +      SeeInvis .   y - +0 great mace (flame)
rCold   + . .      Faith    .   (shield currently unavailable)
rNeg    + . .      Spirit   +   v - +7 Kryia's mail coat {PotionHeal*2 rC+}
rPois   ∞          Reflect  .   h - +1 hat {Will+}
rElec   +          Harm     .   (no cloak)
rCorr   .          Rampage  .   b - +0 pair of gloves
Will    +....                   s - +2 pair of boots
Stlth   ..........              r - amulet of Moebbera {Spirit rF+++ MP+9 Int-5 Dex+3}
HPRegen 0.30/turn               J - +6 ring of intelligence
MPRegen 0.17/turn               (no ring)

@: berserking, very quick
A: sickness immunity, AC +8, negative energy resistance 1, electricity
resistance, torment resistance 1, petrification resistance
a: Renounce Religion, Berserk, Trog's Hand, Brothers in Arms


You were on level 12 of the Dungeon.
You worshipped Trog.
Trog was greatly pleased with you.
You visited 1 branch of the dungeon, and saw 12 of its levels.

You collected 1820 gold pieces.

Inventory:

Hand Weapons
 n - a +0 dire flail
 x - a +2 mace of protection
 y - a +0 great mace of flaming (weapon)
Missiles
 o - 34 poisoned darts (quivered)
 p - 8 boomerangs
 A - a throwing net
Armour
 b - a +0 pair of gloves (worn)
 e - a +2 plate armour
 h - a +1 hat of willpower (worn)
 s - a +2 pair of boots (worn)
 v - the +7 Kryia's mail coat (worn) {PotionHeal*2 rC+}
   (You found it on level 4 of the Dungeon)

   Potions are twice as effective at healing its wearer.
   rC:        It protects you from cold.
 w - a +0 helmet
 H - the +18 Lear's hauberk
   (You found it on level 11 of the Dungeon)
Jewellery
 k - an amulet of regeneration
 r - the amulet of Moebbera (around neck) {Spirit rF+++ MP+9 Int-5 Dex+3}
   (You found it on level 3 of the Dungeon)

   [amulet of guardian spirit]

   It causes incoming damage to be divided between your reserves of health and
   magic.
   Int:       It affects your intelligence (-5).
   Dex:       It affects your dexterity (+3).
   rF:        It renders you almost immune to fire.
   MP:        It affects your magic capacity (+9).
 D - the amulet "Opres" {Faith Dex+2}
   (You found it on level 8 of the Dungeon)

   [amulet of faith]

   It allows you to gain divine favour quickly.
   Dex:       It affects your dexterity (+2).
 F - an amulet of the acrobat
 J - a +6 ring of intelligence (left hand)
Wands
 i - a wand of polymorph (19)
 j - a wand of mindburst (14)
 u - a wand of iceblast (6)
 C - a wand of paralysis (12)
 E - a wand of digging (4)
Scrolls
 c - 2 scrolls of holy word
 l - 5 scrolls of teleportation
 t - a scroll of fog
 B - 4 scrolls of identify
Potions
 a - 4 potions of lignification
 d - 4 potions of curing
 f - 4 potions of flight
 g - 2 potions of brilliance
 m - 3 potions of cancellation
 q - 6 potions of attraction
 z - 2 potions of haste
 G - a potion of berserk rage {unknown}
 I - a potion of ambrosia


   Skills:
 * Level 12.9 Fighting
 * Level 11.9 Maces & Flails
 * Level 12.6 Armour
 + Level 7.1 Dodging


You had 11 spell levels left.
You didn't know any spells.
Your spell library was empty.

Dungeon Overview and Level Annotations

Branches:
Dungeon (12/15)            Temple (0/1) D:6            Lair (0/6) D:10
    Orc (0/2) D:11

Altars:
Qazlal
Zin

Shops:
D:11 [

Portals:
Trove: D:11 (give +6 demon blade)


Innate Abilities, Weirdness & Mutations

You are immune to sickness and miasma.
Your stone body is resilient. (AC +8)
You are immune to poison.
You resist negative energy. (rN+)
You are resistant to electric shocks. (rElec)
You are resistant to unholy torment.
You are immune to petrification.


Message History

Two slime creatures merge to form a titanic slime creature.
You hit the titanic slime creature. You burn the titanic slime creature.
The titanic slime creature is lightly wounded.
The titanic slime creature hits you!
You hit the titanic slime creature but do no damage.
The titanic slime creature is lightly wounded.
The titanic slime creature barely misses you.
You barely miss the titanic slime creature.
The titanic slime creature is lightly wounded.
The titanic slime creature hits you!!!!
Ouch! That really hurt!
* * * LOW HITPOINT WARNING * * *
You hit the titanic slime creature but do no damage.
The titanic slime creature is lightly wounded.
The titanic slime creature hits you!
* * * LOW HITPOINT WARNING * * *
You bludgeon the titanic slime creature!!
You burn the titanic slime creature!
The titanic slime creature is moderately wounded.
The titanic slime creature barely misses you.
A red film seems to cover your vision as you go berserk!
You feel yourself moving faster!
You feel mighty! The titanic slime creature hits you.
* * * LOW HITPOINT WARNING * * *
Okay, then.
You bludgeon the titanic slime creature!!
You burn the titanic slime creature!
The titanic slime creature is moderately wounded.
The titanic slime creature misses you.
A slime creature comes into view.
You crush the titanic slime creature like a grape!!!
You burn the titanic slime creature!
The titanic slime creature is heavily wounded.
The titanic slime creature hits you but does no damage.
You thump the titanic slime creature! You burn the titanic slime creature.
The titanic slime creature is heavily wounded.
You barely miss the titanic slime creature.
The titanic slime creature is heavily wounded.
The titanic slime creature hits you!!!
You die...

#....# #....# #....# #....#
#....# #'## #..# ####+### ##J#
#....... #+#### ###@## #.......
.....# #######....# #####.......
.....# #..........# ##...'.......
.....###.#####....###..###.......
....†#...# #....#...## #....<..
.....†.### #......### #.......
....†### #....### #....... .....#
#....# ####+### ###'## ##.###


You could see a titanic slime creature.

Vanquished Creatures
  Gastronok (D:10)
  Josephine (D:10)
  A centaur warrior (D:11)
  9 two-headed ogres
  Lodul (D:10)
  An ugly thing (D:12)
  A manticore (D:8)
  Maggie (D:7)
  A gargoyle (D:11)
  An unseen horror (D:10)
  2 kobold demonologists (D:10)
  2 komodo dragons
  2 trolls
  A queen bee (D:11)
  A hornet (D:11)
  5 slime creatures (D:12)
  2 shadows
  4 wraiths (D:10)
  2 vampires
  2 steam dragons
  A wyvern (D:10)
  3 vampire mosquitoes (D:12)
  10 yaks (D:11)
  Menkaure (D:7)
  4 water moccasins
  An acid dragon (D:10)
  Duvessa (D:7)
  2 ice beasts
  2 sky beasts
  4 orc warriors
  A black bear (D:6)
  3 centaurs
  6 ogres
  A phantom (D:4)
  5 kobold brigands
  2 gnoll sergeants (D:9)
  8 bullfrogs
  6 scorpions
  10 wights
  Dowan (D:7)
  15 killer bees
  3 howler monkeys
  An electric eel (D:7)
  3 jellies
  5 hounds
  3 orc priests
  4 gnoll shamans
  An iguana (D:5)
  10 orc wizards
  An adder (D:5)
  24 gnolls
  A river rat (D:4)
  2 shadow imps (D:5)
  2 ufetubi
  2 worms
  4 dart slugs
  34 orcs
  5 endoplasms
  8 giant cockroaches
  7 goblins
  9 hobgoblins
  9 jackals
  4 quokkas
  8 ball pythons
  9 bats
  19 kobolds
  8 rats
314 creatures vanquished.

Vanquished Creatures (collateral kills)
  11 killer bees (D:11)
11 creatures vanquished.

Vanquished Creatures (others)
  A bush (D:5)
  33 fungi (D:10)
  37 plants (D:10)
71 creatures vanquished.

Grand Total: 396 creatures vanquished

Notes
Turn   | Place    | Note
-------+----------+-------------------------------------------
     0 | D:1      | sammy202020 the Gargoyle Berserker began the quest for the
                  | Orb.
     0 | D:1      | Reached XP level 1. HP: 14/14 MP: 1/1
   293 | D:1      | Reached XP level 2. HP: 18/19 MP: 2/2
  1125 | D:1      | Reached XP level 3. HP: 22/23 MP: 3/3
  1743 | D:2      | Reached ** piety under Trog
  1790 | D:2      | Found a faded altar of an unknown god.
  2063 | D:3      | Reached XP level 4. HP: 14/29 MP: 4/4
  2580 | D:3      | Identified the amulet of Moebbera {Spirit rF+++ MP+9 Int-5
                  | Dex+3}
  2890 | D:3      | Reached XP level 5. HP: 33/33 MP: 5/5
  2923 | D:3      | Reached *** piety under Trog
  3618 | D:4      | Noticed a phantom
  3635 | D:4      | Killed a phantom
  3636 | D:4      | Reached XP level 6. HP: 36/40 MP: 6/6
  3712 | D:4      | Found the +7 Kryia's mail coat {PotionHeal*2 rC+}
  3771 | D:4      | Reached skill level 5 in Fighting
  3957 | D:4      | Reached XP level 7. HP: 44/44 MP: 7/7
  4009 | D:4      | Found a glowing silver altar of Zin.
  4221 | D:4      | Reached skill level 5 in Maces & Flails
  4544 | D:5      | Entered Level 5 of the Dungeon
  4567 | D:5      | Found a stormy altar of Qazlal.
  4916 | D:5      | Reached skill level 5 in Armour
  5272 | D:5      | Reached XP level 8. HP: 43/51 MP: 8/8
  5513 | D:5      | Reached **** piety under Trog
  5548 | D:5      | Noticed a water elemental
  5549 | D:5      | Noticed an air elemental
  5715 | D:5      | Found a stormy altar of Qazlal.
  6310 | D:6      | Reached XP level 9. HP: 46/57 MP: 9/9
  6590 | D:6      | Identified the +5 ring mail "Uzabiq" {rN+ Will- rCorr}
  6609 | D:6      | Found a staircase to the Ecumenical Temple.
  7149 | D:7      | Noticed a two-headed ogre
  7154 | D:7      | Noticed Menkaure
  7169 | D:7      | Killed a two-headed ogre
  7179 | D:7      | Killed Menkaure
  7326 | D:7      | Noticed Maggie
  7327 | D:7      | Noticed Duvessa
  7327 | D:7      | Noticed Dowan
  7344 | D:7      | Killed Maggie
  7345 | D:7      | Reached XP level 10. HP: 54/65 MP: 10/10
  7346 | D:7      | Killed Duvessa
  7357 | D:7      | Killed Dowan
  7641 | D:8      | Noticed a manticore
  7657 | D:8      | Killed a manticore
  8267 | D:8      | Reached skill level 5 in Dodging
  8667 | D:8      | Noticed a two-headed ogre
  8692 | D:8      | Killed a two-headed ogre
  9227 | D:8      | Identified the amulet "Opres" {Faith Dex+2}
  9943 | D:9      | Reached skill level 10 in Fighting
 10134 | D:9      | Reached XP level 11. HP: 72/72 MP: 11/11
 10423 | D:10     | Entered Level 10 of the Dungeon
 10657 | D:10     | Noticed Lodul
 10657 | D:10     | Noticed a two-headed ogre
 10672 | D:10     | Noticed a two-headed ogre
 10675 | D:10     | Killed Lodul
 10676 | D:10     | Reached skill level 10 in Armour
 10680 | D:10     | Noticed a two-headed ogre
 10681 | D:10     | Noticed a two-headed ogre
 10681 | D:10     | Noticed a two-headed ogre
 10693 | D:10     | Killed a two-headed ogre
 10706 | D:10     | Killed a two-headed ogre
 10713 | D:10     | Killed a two-headed ogre
 10714 | D:10     | Reached skill level 10 in Maces & Flails
 10716 | D:10     | Killed a two-headed ogre
 10724 | D:10     | Killed a two-headed ogre
 11081 | D:10     | Identified a scroll of acquirement
 11081 | D:10     | Acquired 797 gold pieces
 11104 | D:10     | Noticed a two-headed ogre
 11108 | D:10     | Noticed a two-headed ogre
 11110 | D:10     | Killed a two-headed ogre
 11127 | D:10     | Killed a two-headed ogre
 11193 | D:10     | Noticed Gastronok
 11195 | D:10     | Found a staircase to the Lair.
 11209 | D:10     | Killed Gastronok
 11210 | D:10     | Reached XP level 12. HP: 54/80 MP: 12/12
 11376 | D:10     | Noticed a soul eater
 11560 | D:10     | Noticed Josephine
 11569 | D:10     | Killed Josephine
 11800 | D:11     | Found the +18 Lear's hauberk
 12765 | D:11     | Found a portal to a secret trove of treasure.
 12812 | D:11     | Found Juyd's Armour Shoppe.
 13108 | D:11     | Found a staircase to the Orcish Mines.
 13262 | D:11     | Noticed a centaur warrior
 13267 | D:11     | Killed a centaur warrior
 14512 | D:12     | Annihilated by a titanic slime creature

Illustrated notes

Levels and vault maps discovered:
D:1:      dpeg_arrival_refuge, layout_basic
D:2:      layout_basic, shapermc_ecumenical_altar_mp_vishouse
D:3:      corexii_shack_village, layout_loops_corners, minmay_starry_boxes
D:4:      layout_layer_cave, lemuel_doored_altar, portal_sewer_entry_e,
          kennysheep_boxes
D:5:      layout_loops_corners, nicolae_qazlal_style_of_elements,
          kb_lookout_dungeons_type, minmay_crystal_water,
          kennysheep_flooded_box, minivault_24
D:6:      layout_basic, minmay_temple_entry_grid, kennysheep_generic_room_13
D:7:      layout_rooms, kennysheep_path_1, uniq_menkaure, uniq_duvessa,
          uniq_maggie
D:8:      layout_basic, serial_co_window_serial, co_window_corner_a,
          co_window_paths_b, co_window_corner_a, co_window_of_opportunity_a,
          co_window_paths_a, co_window_paths_c, co_window_unsneaky_path_c,
          co_window_2corner, co_window_2corner, co_window_corner_cb,
          co_window_of_opportunity_c, co_window_broadway_b, co_window_paths_d,
          glass_columns_b, glass_columns_c, glass_columns_c,
          hangedman_decor_opposing
D:9:      layout_cave_pools
D:10:     layout_roguey, due_lair_maze_entry_diamond, uniq_gastronok,
          uniq_josephine, uniq_lodul
D:11:     layout_small_grid, orc_david_3, nicolae_trove_entry_crystal,
          special_room [special_room_bee]
D:12:     layout_roguey, uniq_rupert, uniq_fannar, uniq_urug

Skill      XL: |  1  2  3  4  5  6  7  8  9 10 11 12 |
---------------+-------------------------------------+-----
Dodging        | 2 3 4 5 6 7 |  7.1
Armour         | 3 4 5 6 8 9 11 12 | 12.6
Fighting       | 4 5 6 7 8 10 11 12 | 12.9
Maces & Flails | 4 5 6 8 9 10 11 | 11.9

Action                   |  1- 3 |  4- 6 |  7- 9 | 10-12 || total
-------------------------+-------+-------+-------+-------++-------
Melee: Mace              |    46 |       |   404 |   288 ||   738
       Flail             |    44 |   178 |    52 |       ||   274
       Punch             |     1 |       |     4 |     5 ||    10
       Great mace        |       |       |       |   439 ||   439
Invok: Trog's Hand       |       |     1 |     1 |     8 ||    10
       Berserk           |       |       |     3 |    10 ||    13
       Brothers in Arms  |       |       |       |     1 ||     1
  Use: Scroll            |     8 |     1 |    10 |     7 ||    26
       Potion            |       |       |       |     8 ||     8
Armor: Animal skin       |     5 |       |       |       ||     5
       Plate armour      |    51 |   127 |       |       ||   178
       Scale mail        |       |    37 |   436 |   865 ||  1338
Dodge: Dodged            |    44 |    92 |   329 |   932 ||  1397

Table legend: (Time is in decaauts)
 A = Elapsed time spent in this place.
 B = Non-inter-level travel time spent in this place.
 C = Inter-level travel time spent in this place.
 D = Time resting spent in this place.
 E = Time spent auto-exploring this place.
 F = Levels seen in this place.
 G = Mean time per level.
                   A        B        C        D        E       F      G
               +--------+--------+--------+--------+--------+-----+--------+
         Total |  14786 |  14423 |    363 |   2077 |   9252 |  12 | 1232.2 |
       Dungeon |  14786 |  14423 |    363 |   2077 |   9252 |  12 | 1232.2 |
               +--------+--------+--------+--------+--------+-----+--------+

Top non-repeatable levels by time:
    D:11: 2015 daAuts
     D:8: 1860 daAuts
     D:4: 1442 daAuts
    D:10: 1442 daAuts
     D:5: 1422 daAuts
     D:1: 1309 daAuts
     D:3: 1111 daAuts
     D:9: 951 daAuts
     D:6: 916 daAuts
     D:7: 791 daAuts
    D:12: 777 daAuts
     D:2: 746 daAuts
